 Dungeon Crawl Stone Soup version 0.26.0-10-g1f06aea511 (webtiles) character file.

Game seed: 5509385939455271485

7 Dracia the Insei (level 1, -1/15 HPs)
             Began as a Demonspawn Transmuter on Jan 17, 2021.
             Slain by a hobgoblin (4 damage)
             ... on level 1 of the Dungeon.
             The game lasted 00:00:26 (310 turns).

Dracia the Insei (Demonspawn Transmuter)             Turns: 310, Time: 00:00:27

Health: -1/15      AC:  2    Str: 10    XL:     1   Next: 83%
Magic:  2/3        EV: 12    Int: 14    God:
Gold:   0          SH:  0    Dex: 13    Spells: 3/4 levels left

rFire    . . .     SeeInvis .     - Unarmed
rCold    . . .     Faith    .   (no shield)
rNeg     . . .     Spirit   .   a - +0 robe
rPois    .         Reflect  .   (helmet currently unavailable)
rElec    .         Harm     .   (no cloak)
rCorr    .         Rampage  .   (no gloves)
Will     .....                  (boots currently unavailable)
Stlth    +.........             (no amulet)
HPRegen  0.05/turn              (no ring)
MPRegen  0.08/turn              (no ring)

@: appendages (expiring)
A: horns 2, talons 2
a: End Transformation


You were on level 1 of the Dungeon.
You had grown temporary horns.
You had grown temporary talons.
You visited 1 branch of the dungeon, and saw 1 of its levels.


Innate Abilities, Weirdness & Mutations

You have a pair of horns on your head.
You have razor-sharp toenails.


   Skills:
 - Level 1.0 Fighting
 - Level 1.7 Dodging
 + Level 3.1 Unarmed Combat
 - Level 2.0 Spellcasting
 - Level 1.7 Transmutations


You had 3 spell levels left.
You knew the following spells:

 Your Spells              Type           Power        Failure   Level
e - Beastly Appendage     Tmut           12%          12%         1

Your spell library contained the following spells:

 Spells                   Type           Power        Failure   Level
 Wereblood                Tmut           6%           17%         2
 Spider Form              Tmut/Pois      1%           45%         3
 Ice Form                 Ice/Tmut       3%           86%         4
 Blade Hands              Tmut           3%           97%         5

Inventory:

Armour
 a - a +0 robe (worn)
Scrolls
 b - a scroll of teleportation {unknown}
 c - a scroll of enchant armour {unknown}

Dungeon Overview and Level Annotations

Branches:
Dungeon (1/15)

Altars:

...# #..#
..#####
#.....
########..###
#...........#
#.#######...#
#.# #.....#
#.# #.#g@.#
#.# #.#...#
#######.#####
#"#.#
............#
#.#..
#######.###.#
#.#..# #.#
#.# ###...
#.###.# ....
#...†.# ##..#
#######


You could see a hobgoblin.


Message History

You barely miss the hobgoblin. You claw the hobgoblin.
The hobgoblin is lightly wounded.
The hobgoblin hits you with a +0 club.
You hit the hobgoblin but do no damage.
The hobgoblin is lightly wounded.
Your transformation is almost over.
The hobgoblin hits you. The hobgoblin hits you with a +0 club.
You hit the hobgoblin.
The hobgoblin is severely wounded.
The hobgoblin hits you.
* * * LOW HITPOINT WARNING * * *
The hobgoblin closely misses you.
You are too injured to fight recklessly!
You are too injured to fight recklessly!
Unknown command.
You closely miss the hobgoblin. You claw the hobgoblin.
You kill the hobgoblin!
The hobgoblin hits you.
* * * LOW HITPOINT WARNING * * *
The hobgoblin barely misses you.
Things that are here:
a +0 club; a hobgoblin corpse You hit the hobgoblin.
Your kick misses the hobgoblin.
The hobgoblin is heavily wounded.
The hobgoblin hits you.
* * * LOW HITPOINT WARNING * * *
You barely miss the hobgoblin.
The hobgoblin is heavily wounded.
The hobgoblin hits you.
You die...

Skill      XL: |  1 |
---------------+----+-----
Unarmed Combat | 3 |  3.1
Fighting       | |  1.0
Dodging        | |  1.7
Spellcasting   | |  2.0
Transmutations | |  1.7

Action                   || total
-------------------------++-------
Melee: Unarmed           ||    24
       Kick              ||     6
 Cast: Beastly Appendage ||     3
 Stab: Sleeping          ||     1
Armor: Robe              ||     1
Dodge: Dodged            ||    18

Levels and vault maps discovered:
D:1:      dpeg_arrival_erosion, layout_basic, serial_park_tiny_2

Notes
Turn   | Place    | Note
-------+----------+-------------------------------------------
     0 | D:1      | Dracia the Demonspawn Transmuter began the quest for the
                  | Orb.
     0 | D:1      | Reached XP level 1. HP: 15/15 MP: 3/3
    38 | D:1      | Reached skill level 3 in Unarmed Combat
   310 | D:1      | Slain by a hobgoblin

Vanquished Creatures
  A ball python (D:1)
  A hobgoblin (D:1)
  3 jackals (D:1)
5 creatures vanquished.

Table legend: (Time is in decaauts)
 A = Elapsed time spent in this place.
 B = Non-inter-level travel time spent in this place.
 C = Inter-level travel time spent in this place.
 D = Time resting spent in this place.
 E = Time spent auto-exploring this place.
 F = Levels seen in this place.
 G = Mean time per level.
                   A        B        C        D        E       F      G
               +--------+--------+--------+--------+--------+-----+--------+
         Total |    308 |    308 |      0 |    184 |     88 |   1 |  308.0 |
       Dungeon |    308 |    308 |      0 |    184 |     88 |   1 |  308.0 |
               +--------+--------+--------+--------+--------+-----+--------+

Top non-repeatable levels by time:
     D:1: 308 daAuts

Table legend:
 A = Non-vault XP
 B = Vault XP
 C = Vault XP percentage of total XP
 D = Non-vault monster count
 E = Vault monster count
 F = Vault count percentage of total count
                 A         B        C        D         E       F
            +---------+---------+-------+---------+---------+-------
      Total |      10 |       0 |   0.0 |       5 |       0 |   0.0
            +---------+---------+-------+---------+---------+-------
        D:1 |      10 |       0 |   0.0 |       5 |       0 |   0.0
            +---------+---------+-------+---------+---------+-------
